 Dungeon Crawl Stone Soup version 0.26-a0-1181-gd376ed14c5 (webtiles) character file.

Game seed: 3682022063249297986

68407 uibert the Lord of Darkness (level 14, -14/122 HPs)
             Began as a Demonspawn Necromancer on Dec 26, 2020.
             Was the Champion of Kikubaaqudgha.
             Demolished by Rupert
             ... wielding a +0 battleaxe of electrocution
              (17 damage)
             ... on level 12 of the Dungeon on Dec 27, 2020.
             The game lasted 02:46:47 (32004 turns).

uibert the Lord of Darkness (DsNe)                 Turns: 32004, Time: 02:46:48

Health: -14/122    AC: 15    Str: 11    XL:     14   Next: 86%
Magic:  0/25       EV: 17    Int: 28    God:    Kikubaaqudgha [******]
Gold:   709        SH: 10    Dex: 15    Spells: 4/28 levels left

rFire    + . .     SeeInvis +   x - +5 long sword of Lutyabuu {speed, rF+ SInv}
rCold    . . .     Faith    .   E - +0 buckler
rNeg     . . .     Spirit   +   R - +0 troll leather armour
rPois    .         Reflect  +   S - +0 hat {Will+}
rElec    .         Harm     .   H - +1 cloak
rCorr    .         Rampage  +   q - +0 pair of gloves
Will     ++...                  W - +1 pair of boots {rampage}
Stlth    ++........             f - amulet of reflection
HPRegen  0.70/turn              i - +4 ring of protection
MPRegen  0.19/turn              J - +6 ring of intelligence

@: no status effects
A: horns 2, robust 1, screaming 1, spiny 2, magic shield, MP-powered wands, big
brain 2
a: Renounce Religion, Receive Corpses, Torment, Brand Weapon With Pain, Receive
Necronomicon


You were on level 12 of the Dungeon.
You worshipped Kikubaaqudgha.
Kikubaaqudgha was exalted by your worship.
You visited 4 branches of the dungeon, and saw 21 of its levels.

You collected 1974 gold pieces.
You spent 1265 gold pieces at shops.

Inventory:

Hand Weapons
 x - the +5 long sword of Lutyabuu (weapon) {speed, rF+ SInv}
   (You found it on level 7 of the Dungeon)

   Attacks with this weapon are significantly faster.
   It protects you from fire.
   It lets you see invisible.
 D - the +9 hand axe "Goicuec" {vamp, Int+3}
   (You found it on level 6 of the Lair of Beasts)

   It inflicts no extra harm, but heals its wielder when it wounds a living foe.
   It affects your intelligence (+3).
Missiles
 e - 507 stones (quivered)
 w - 8 atropa-tipped darts
Armour
 d - a +2 robe of resistance
 q - a +0 pair of gloves (worn)
 E - a +0 buckler (worn)
 H - a +1 cloak (worn)
 M - a +0 ring mail
 R - a +0 troll leather armour (worn)
 S - a +0 hat of willpower (worn)
 W - a +1 pair of boots of rampaging (worn)
Magical Staves
 m - an uncursed staff of conjuration
 N - an uncursed staff of cold
Jewellery
 f - an amulet of reflection (around neck)
 i - a +4 ring of protection (left hand)
 I - the ring "Furhoune" {rF++ rC+ rN+ Dex-3}
   (You bought it in a shop on level 10 of the Dungeon)

   [ring of protection from cold]

   It affects your dexterity (-3).
   It greatly protects you from fire.
   It protects you from cold.
   It protects you from negative energy.
 J - a +6 ring of intelligence (right hand)
 P - an uncursed ring of poison resistance
 V - an uncursed amulet of regeneration
Wands
 a - a wand of iceblast (15)
 l - a wand of random effects (37)
 t - a wand of paralysis (15)
 F - a wand of polymorph (20)
 O - a wand of acid (12)
 Q - a wand of digging (3)
 X - a wand of enslavement (11)
Scrolls
 h - 8 scrolls of teleportation
 j - 11 scrolls of remove curse
 o - 2 scrolls of fog
 p - a scroll of enchant weapon
 r - 2 scrolls of enchant armour
 u - 2 scrolls of fear
 v - a scroll of vulnerability {unknown}
 y - 4 scrolls of magic mapping
 A - 2 scrolls of blinking
 T - a scroll of amnesia
 U - a scroll of torment {unknown}
Potions
 b - 7 potions of attraction
 c - 2 potions of cancellation
 g - 3 potions of might
 k - 3 potions of lignification
 n - a potion of berserk rage
 s - 4 potions of curing
 z - 3 potions of flight
 C - a potion of heal wounds
 G - 2 potions of brilliance
 K - 3 potions of haste
 L - a potion of ambrosia
 Y - a potion of invisibility {unknown}
 Z - a potion of experience {unknown}
Miscellaneous
 B - a condenser vane


   Skills:
 + Level 10.7 Fighting
 * Level 9.7 Long Blades
 + Level 6.4 Armour
 - Level 9.0 Dodging
 - Level 1.7 Stealth
 - Level 4.0 Shields
 + Level 7.9 Spellcasting
 - Level 15.3 Necromancy
 * Level 2.0 Earth Magic
 + Level 8.5 Evocations


You had 4 spell levels left.
You knew the following spells:

 Your Spells              Type           Power        Failure   Level
a - Pain                  Necr           100%         0%          1
b - Vampiric Draining     Necr           38%          1%          3
c - Agony                 Necr           77%          1%          5
d - Animate Dead          Necr           38%          1%          4
e - Sublimation of Blood  Necr           38%          1%          2
f - Borgnjor's Vile Clut  Necr/Erth      28%          4%          5
g - Dispel Undead         Necr           77%          1%          4

Your spell library contained the following spells:

 Spells                   Type           Power        Failure   Level
 Animate Skeleton         Necr           100%         0%          1
 Magic Dart               Conj           44%          6%          1
 Searing Ray              Conj           22%          10%         2
 Dazzling Flash           Conj/Hex       22%          19%         3
 Leda's Liquefaction      Hex/Erth       8%           38%         4
 Cause Fear               Hex            5%           54%         4
 Fulminant Prism          Conj/Hex       5%           54%         4
 Iskenderun's Mystic Bla  Conj/Tloc      11%          54%         4
 Excruciating Wounds      Necr           38%          1%          5
 Simulacrum               Ice/Necr       26%          38%         6
 Bolt of Magma            Conj/Fire/Erth 7%           80%         5
 Silence                  Hex/Air        5%           87%         5
 Yara's Violent Unravell  Hex/Tmut       5%           87%         5
 Iron Shot                Conj/Erth      8%           99%         6
 Statue Form              Tmut/Erth      10%          99%         6
 Discord                  Hex            5%           100%        8
 Shatter                  Erth           11%          100%        9


Dungeon Overview and Level Annotations

Branches:
Dungeon (12/15)            Temple (1/1) D:7            Lair (6/6) D:8
  Swamp (0/4) Lair:3        Snake (0/4) Lair:2        Slime (0/5) Lair:5
    Orc (2/2) D:9             Elf (0/3) Orc:2

Altars:
Ashenzari
Cheibriados
Dithmenos
Elyvilon
Fedhas
Gozag
Hepliaklqana
Kikubaaqudgha
Makhleb
Nemelex Xobeh
Okawaru
Qazlal
Ru
Sif Muna
Trog
Uskayaw
Vehumet
Wu Jian
Xom
Yredelemnul
Zin
The Shining One
Beogh
Jiyva
Lugonu

Shops:
D:10 }([*   Orc:1 =   Orc:2 !::(

Annotations:
D:4 Grinder
D:10 3 runed translucent doors
D:11 2 transporters, sahdkjhfkaj's ghost, journeyman MiGl
D:12 Rupert
Lair:2 1 runed translucent door, ThatOtherGuy53's ghost, journeyman DsFi


Innate Abilities, Weirdness & Mutations

You have a pair of horns on your head.
You are mostly covered in sharp spines.
When hurt, damage is shared between your health and your magic reserves.
You have an extremely huge brain. (Int +4)
You are robust. (+10% HP)
You occasionally shout uncontrollably at your foes.
You expend magic power (3 MP) to strengthen your wands.


Message History

Rupert is severely wounded.
You block Rupert's attack.
You slash Rupert! You headbutt Rupert!
Rupert is severely wounded.
Rupert hits you with a +0 battleaxe of electrocution!!
You are electrocuted!
* * * LOW HITPOINT WARNING * * *
Casting: Vampiric Draining (safe; 1% risk of failure)
Confirm with . or Enter, or press ? or * to list all spells.
Okay, then.
Okay, then.
Press: ? - help, v - describe, . - travel The floor, spattered with blood.
Okay, then.
Rupert rages.
Rupert hits you with a +0 battleaxe of electrocution!!
* * * LOW HITPOINT WARNING * * *
You are electrocuted!!
You die...
Kikubaaqudgha rasps: "You have failed me!
Welcome... death!"

#.....#........
#.....#........
#.....#........
########.....##..###..
#........######..# ..
#...^.........#.. ..
#.............#.. ..
#.............# ..
#....@........# ..
#....@##.....## ..
#<....##.....# ..
#............# ..
####'###.....# .. ....
#.........
.......##+#####...
#........ ..####
#......... .#)..


You could see Rupert (berserk).

Vanquished Creatures
  Nessos (D:12)
  Josephine (Lair:6)
  Erolcha (D:11)
  Fannar (D:10)
  10 hydras
  A catoblepas (Lair:6)
  A boulder beetle (Lair:4)
  3 two-headed ogres
  2 ogre magi (Orc:2)
  4 death yaks
  Nergalle (Orc:2)
  An unseen horror (D:11)
  Pikel (D:7)
  6 orc sorcerers (Orc:2)
  2 oklob plants
  Joseph (D:7)
  6 black mambas
  4 elephants (Lair:6)
  8 cane toads
  Maggie (Lair:2)
  9 komodo dragons
  3 rime drakes (Lair:5)
  2 ice devils (D:12)
  5 trolls
  Prince Ribbit (D:6)
  6 polar bears
  13 blink frogs
  A hornet (D:12)
  6 slime creatures (D:12)
  8 dream sheep (Lair:6)
  A shadow (D:12)
  58 yaks
  4 basilisks
  4 wraiths
  17 wyverns
  4 wargs
  18 water moccasins
  3 swamp worms (Lair:3)
  6 ice beasts
  10 black bears
  4 sky beasts
  15 orc warriors
  7 phantoms
  20 ogres
  5 wolves
  A necrophage (D:5)
  2 lemures (D:7)
  8 centaurs
  4 gnoll sergeants
  3 big kobolds
  13 bullfrogs
  A water moccasin zombie (D:8)
  3 scorpions
  6 killer bees (D:8)
  2 electric eels
  2 vampire bats (D:10)
  16 wights
  A howler monkey (D:11)
  7 jellies
  9 hounds
  18 orc priests
  3 bullfrog skeletons
  3 centaur skeletons
  A centaur zombie (D:9)
  4 gnoll shamans (D:9)
  3 iguanas
  7 worker ants
  31 orc wizards
  A hound skeleton (D:9)
  13 adders
  31 gnolls
  2 howler monkey skeletons
  A shadow imp (D:6)
  6 white imps
  An ooze (D:5)
  An adder zombie (D:5)
  2 worms
  3 dart slugs
  6 leopard geckos
  72 orcs
  4 ball pythons
  4 giant cockroaches
  9 goblins
  8 hobgoblins
  8 jackals
  38 kobolds
  6 quokkas
  9 bats
  4 frilled lizards
  A jackal zombie (D:6)
  A leopard gecko zombie (D:8)
  A quokka skeleton (D:6)
  A quokka zombie (D:9)
  10 rats
677 creatures vanquished.

Vanquished Creatures (collateral kills)
  Gastronok (Lair:2)
  A deep troll shaman (Lair:6)
  A death yak (Lair:6)
  2 orc sorcerers (Orc:2)
  A cane toad (Lair:6)
  2 dream sheep (Lair:6)
  4 yaks (Lair:6)
  A water moccasin (Lair:3)
  An ogre (Orc:2)
  An orc wizard (Orc:2)
  2 orcs (Orc:1)
  A bush (Lair:6)
18 creatures vanquished.

Vanquished Creatures (others)
  An orc wizard (Orc:2)
  An orc (Orc:2)
  A demonic plant (Temple)
  63 fungi
  183 plants
249 creatures vanquished.

Grand Total: 944 creatures vanquished

Notes
Turn   | Place    | Note
-------+----------+-------------------------------------------
     0 | D:1      | uibert the Demonspawn Necromancer began the quest for the
                  | Orb.
     0 | D:1      | Reached XP level 1. HP: 13/13 MP: 3/3
   452 | D:1      | Gained mutation: You have an unusually large brain. (Int
                  | +2) [demonic ancestry]
   452 | D:1      | Reached XP level 2. HP: 13/19 MP: 1/5
   529 | D:1      | Reached skill level 5 in Necromancy
  1410 | D:2      | Gained mutation: You have a pair of small horns on your
                  | head. [demonic ancestry]
  1410 | D:2      | Reached XP level 3. HP: 21/24 MP: 2/6
  1770 | D:2      | Learned a level 3 spell: Vampiric Draining
  2248 | D:2      | Found a sacrificial altar of Ru.
  2248 | D:2      | Found a basalt altar of Yredelemnul.
  2355 | D:2      | Reached skill level 6 in Necromancy
  2614 | D:3      | Gained mutation: You have an extremely huge brain. (Int +4)
                  | [demonic ancestry]
  2614 | D:3      | Reached XP level 4. HP: 24/30 MP: 1/7
  2822 | D:3      | Found a radiant altar of Vehumet.
  3445 | D:3      | Reached skill level 7 in Necromancy
  3445 | D:3      | Gained mutation: You have a pair of horns on your head.
                  | [demonic ancestry]
  3445 | D:3      | Reached XP level 5. HP: 25/35 MP: 0/8
  3598 | D:4      | Noticed an ogre
  3638 | D:4      | Found a hide-covered altar of Uskayaw.
  3655 | D:4      | Noticed Grinder
  4056 | D:4      | Noticed an ogre
  4078 | D:4      | Killed an ogre
  4079 | D:4      | Reached skill level 8 in Necromancy
  4079 | D:4      | Reached XP level 6. HP: 31/41 MP: 0/9
  4300 | D:4      | Paralysed by Grinder for 6 turns
  4617 | D:4      | Paralysed by Grinder for 6 turns
  4837 | D:5      | Entered Level 5 of the Dungeon
  4844 | D:5      | Reached skill level 9 in Necromancy
  5061 | D:5      | Gained mutation: You are partially covered in sharp spines.
                  | [demonic ancestry]
  5061 | D:5      | Reached XP level 7. HP: 36/46 MP: 3/10
  5289 | D:5      | Reached skill level 10 in Necromancy
  5324 | D:5      | Found a snail-covered altar of Cheibriados.
  5624 | D:5      | Reached skill level 1 in Fighting
  6240 | D:6      | Reached XP level 8. HP: 53/55 MP: 10/12
  6374 | D:6      | Noticed Prince Ribbit
  6384 | D:6      | Killed Prince Ribbit
  6841 | D:6      | Reached skill level 11 in Necromancy
  7082 | D:7      | Found a staircase to the Ecumenical Temple.
  7097 | Temple   | Entered the Ecumenical Temple
  7352 | D:7      | Found an opulent altar of Gozag.
  7603 | D:7      | Noticed Pikel
  7783 | D:7      | Found a bloodstained altar of Trog.
  7937 | D:7      | Noticed Joseph
  7953 | D:7      | Killed Pikel
  7954 | D:7      | Reached XP level 9. HP: 49/65 MP: 3/15
  7967 | D:7      | Killed Joseph
  8745 | D:7      | Reached skill level 12 in Necromancy
  8806 | D:7      | Got an ebony long sword
  8807 | D:7      | Identified the +5 long sword of Lutyabuu {speed, rF+ SInv}
                  | (You found it on level 7 of the Dungeon)
  9110 | D:8      | Learned a level 5 spell: Agony
  9115 | D:8      | Learned a level 4 spell: Animate Dead
  9318 | D:8      | Reached skill level 5 in Spellcasting
  9334 | D:8      | Reached skill level 5 in Dodging
  9341 | D:8      | Noticed a two-headed ogre
  9351 | D:8      | Killed a two-headed ogre
  9352 | D:8      | Reached skill level 5 in Fighting
  9352 | D:8      | Reached XP level 10. HP: 39/74 MP: 5/17
  9927 | D:8      | Reached skill level 13 in Necromancy
 10216 | D:8      | Found a staircase to the Lair.
 10958 | D:9      | Found a staircase to the Orcish Mines.
 10966 | D:9      | Found a stormy altar of Qazlal.
 11056 | D:9      | Found an ornate altar of the Wu Jian Council.
 11927 | D:9      | Found a glowing silver altar of Zin.
 11974 | D:9      | Reached XP level 11. HP: 60/83 MP: 10/20
 12212 | D:9      | Found an ancient bone altar of Kikubaaqudgha.
 12221 | D:9      | Became a worshipper of Kikubaaqudgha
 12789 | D:10     | Entered Level 10 of the Dungeon
 12797 | D:10     | Reached skill level 14 in Necromancy
 12818 | D:10     | Reached * piety under Kikubaaqudgha
 12818 | D:10     | Identified Kikubaaqudgha's Disquisition on Stolen Souls
                  | (Kikubaaqudgha gifted it to you on level 10 of the Dungeon)
 12818 | D:10     | Received a gift from Kikubaaqudgha
 12840 | D:10     | Learned a level 2 spell: Sublimation of Blood
 12850 | D:10     | Found Eruxey's Assorted Antiques.
 12855 | D:10     | Bought a faintly glowing jade ring for 160 gold pieces
 12855 | D:10     | Identified the ring "Furhoune" {rF++ rC+ rN+ Dex-3} (You
                  | bought it in a shop on level 10 of the Dungeon)
 13060 | D:10     | Found Caitiplu's Antique Weapon Shop.
 13134 | D:10     | Found Bobb's Armour Emporium.
 13278 | D:10     | Found Wanlov's Gadget Shoppe.
 13312 | D:10     | Noticed Fannar
 13342 | D:10     | Killed Fannar
 13343 | D:10     | Reached skill level 1 in Shields
 13343 | D:10     | Reached skill level 1 in Evocations
 13515 | D:10     | Found a runed translucent gate.
 13515 | D:10     | Found a runed translucent gate.
 13515 | D:10     | Noticed a green very ugly thing
 13515 | D:10     | Noticed a green ugly thing
 13556 | D:10     | Found a runed translucent gate.
 13556 | D:10     | Noticed a white ugly thing
 13556 | D:10     | Noticed a green ugly thing
 13557 | D:10     | Noticed a red ugly thing
 13557 | D:10     | Noticed a purple ugly thing
 13557 | D:10     | Noticed a cyan ugly thing
 13852 | D:11     | Found a transporter.
 13857 | D:11     | Noticed sahdkjhfkaj's ghost (journeyman MiGl)
 14414 | D:11     | Noticed a two-headed ogre
 14420 | D:11     | Killed a two-headed ogre
 14427 | D:11     | Noticed an unseen horror
 14433 | D:11     | Killed an unseen horror
 14609 | D:11     | Found a transporter.
 14615 | D:11     | You fall into a shaft and drop 1 floor!
 14702 | D:11     | Noticed Erolcha
 14707 | D:11     | Reached ** piety under Kikubaaqudgha
 14713 | D:11     | Killed Erolcha
 14929 | D:11     | Found a blossoming altar of Fedhas.
 15793 | Lair:1   | Entered Level 1 of the Lair of Beasts
 16131 | Lair:1   | Noticed a four-headed hydra
 16150 | Lair:1   | Killed a four-headed hydra
 16151 | Lair:1   | Gained mutation: You are mostly covered in sharp spines.
                  | [demonic ancestry]
 16151 | Lair:1   | Reached XP level 12. HP: 68/91 MP: 10/23
 16530 | Lair:1   | Reached skill level 1 in Long Blades
 17008 | Lair:2   | Found a staircase to the Snake Pit.
 17477 | Lair:2   | Noticed Maggie
 17490 | Lair:2   | Killed Maggie
 17490 | Lair:2   | Reached *** piety under Kikubaaqudgha
 17490 | Lair:2   | Identified Kikubaaqudgha's Disquisition on Necromancy
                  | (Kikubaaqudgha gifted it to you on level 2 of the Lair of
                  | Beasts)
 17490 | Lair:2   | Received a gift from Kikubaaqudgha
 17513 | Lair:2   | Learned a level 5 spell: Borgnjor's Vile Clutch
 17679 | Lair:2   | Noticed Gastronok
 17837 | Lair:2   | Reached skill level 15 in Necromancy
 18372 | Lair:2   | Found a runed translucent door.
 18373 | Lair:2   | Noticed ThatOtherGuy53's ghost (journeyman DsFi)
 18424 | Lair:2   | Killed Gastronok
 18907 | Lair:2   | Identified the +4 spear of Noaraq {antimagic, Int+2}
 19008 | Lair:3   | Noticed a six-headed hydra
 19158 | Lair:3   | Noticed a four-headed hydra
 19168 | Lair:3   | Killed a four-headed hydra
 19471 | Lair:3   | Killed a six-headed hydra
 19695 | Lair:3   | Reached skill level 1 in Armour
 19954 | Lair:3   | Reached skill level 5 in Evocations
 20844 | Lair:3   | Found a staircase to the Swamp.
 21404 | Lair:4   | Gained mutation: When hurt, damage is shared between your
                  | health and your magic reserves. [demonic ancestry]
 21404 | Lair:4   | Reached XP level 13. HP: 90/99 MP: 14/24
 22048 | Lair:4   | Reached skill level 5 in Long Blades
 22516 | Lair:4   | Found a glowing silver altar of Zin.
 22684 | Lair:5   | Reached **** piety under Kikubaaqudgha
 23186 | Lair:5   | Found a viscous altar of Jiyva.
 23187 | Lair:5   | Found a staircase to the Slime Pits.
 24042 | Lair:6   | Entered Level 6 of the Lair of Beasts
 24085 | Lair:6   | Noticed Josephine
 24287 | Lair:5   | Learned a level 4 spell: Dispel Undead
 25443 | Lair:6   | Reached ***** piety under Kikubaaqudgha
 25646 | Lair:6   | Found a hide-covered altar of Uskayaw.
 25688 | Lair:6   | Reached XP level 14. HP: 109/109 MP: 17/25
 26415 | Lair:3   | Gained mutation: You expend magic power (3 MP) to
                  | strengthen your wands. [potion of mutation]
 26415 | Lair:3   | Gained mutation: You occasionally shout uncontrollably at
                  | your foes. [potion of mutation]
 26415 | Lair:3   | Gained mutation: You are robust. (+10% HP) [potion of
                  | mutation]
 26943 | Lair:6   | Reached skill level 5 in Armour
 27213 | Lair:6   | Reached skill level 10 in Fighting
 27555 | Lair:6   | Killed Josephine
 27732 | Lair:6   | Got a transparent hand axe
 27791 | Lair:6   | Identified the +9 hand axe "Goicuec" {vamp, Int+3} (You
                  | found it on level 6 of the Lair of Beasts)
 27948 | Orc:1    | Entered Level 1 of the Orcish Mines
 27983 | Orc:1    | Found Hoyrhod's Jewellery Shop.
 28443 | Orc:2    | Entered Level 2 of the Orcish Mines
 28790 | Orc:2    | Found a staircase to the Elven Halls.
 29117 | Orc:2    | Found a roughly hewn altar of Beogh.
 29409 | Orc:2    | Found Upsao's Distillery.
 29428 | Orc:2    | Found Tesaut's Antique Weapon Boutique.
 29449 | Orc:2    | Found an ancient bone altar of Kikubaaqudgha.
 29449 | Orc:2    | Noticed Nergalle
 29473 | Orc:2    | Killed Nergalle
 29555 | Orc:2    | Reached ****** piety under Kikubaaqudgha
 29729 | Orc:2    | Found a radiant altar of Vehumet.
 29827 | Orc:2    | Found a roughly hewn altar of Beogh.
 29841 | Orc:2    | Found Kamurere's Book Shop.
 29847 | Orc:2    | Found Ludegeri's Book Boutique.
 30693 | Orc:2    | Bought a book of the Earth for 1105 gold pieces
 31024 | D:12     | Reached skill level 1 in Earth Magic
 31048 | D:12     | Noticed Nessos
 31059 | D:12     | Killed Nessos
 31983 | D:12     | Noticed Rupert
 32004 | D:12     | HP: 3/122 [Rupert/+0 battleaxe of electrocution (29)]
 32004 | D:12     | Demolished by Rupert

Illustrated notes

Levels and vault maps discovered:
D:1:      dpeg_arrival_tiny_j, layout_loops_cross, minmay_misc_feat_iff,
          minmay_tetromino_i4
D:2:      layout_basic, amethyst_overflow_temple_binary
D:3:      layout_loops_cross, lemuel_coloured_pillars_altar, kennysheep_donut
D:4:      layout_basic, overflow_temple_1_default, uniq_grinder
D:5:      layout_cave_pools, lemuel_doored_altar
D:6:      layout_cave_pools, minmay_pentangle, uniq_prince_ribbit1
D:7:      kennysheep_kobold_camp, layout_basic, lemuel_crystal_altar,
          marbit_many_paths, minmay_temple_entry_drinking_statues,
          lemuel_flamethrower_1, uniq_joseph, uniq_pikel
D:8:      layout_cave_pods, due_lair_maze_entry_diamond
D:9:      layout_cave_pools, lemuel_crystal_altar, grunt_temple_overflow_open,
          orc_0_dummy, serial_gnoll_camp, gnoll_camp_mini_hut,
          gnoll_camp_mini_house, gnoll_camp_mini_sergeant,
          gnoll_camp_mini_basic, gnoll_camp_medium_02, gnoll_camp_mini_basic
D:10:     minmay_klotski, layout_loops_ring, serial_shops, shop_statue, shop,
          kennysheep_mini, shop, serial_glass, glass_columns_a, glass_columns_a,
          due_unseen_surprise, item_on_display_a, minmay_strange_pillars,
          ploomutoo_gammafunk_ghost_potion_laboratory, roderic_batcave,
          uniq_fannar
D:11:     layout_roguey, gammafunk_ghost_stat_death,
          fedhas_bush_and_centaur_altar, uniq_erolcha
D:12:     layout_gridville, portal_ice_cave_demonic_guard, uniq_nessos,
          uniq_rupert
Temple:   kb_corrupted_temple
Lair:1:   layout_loops_ring
Lair:2:   layout_long_grid, minmay_snake_entry_six_corridors,
          ebering_ghost_funeral_grove, beast_lair_carwin_11, uniq_maggie,
          uniq_gastronok
Lair:3:   layout_cellular_growth, minmay_swamp_entry_worms,
          nicolae_quartered_pool_super, eino_small_chamber_without_monster,
          chequers_serial_rivers_marsh, cheibrodos_lair_caveside_slide,
          grunt_forest_small_clearings, columned_hall_lemuel,
          serial_bayou_pond_b
Lair:4:   layout_regular_city, basic_altar, hibernation_bobbens
Lair:5:   layout_roguey, slime_altar_1, beast_lair_carwin_7
Lair:6:   grunt_lair_end_beastmaster, layout_gridlike, lemuel_oklob_altar,
          serial_bayou_shore_a, uniq_josephine
Orc:1:    layout_diamond_mine, serial_shops, nicolae_shop_waterfront
Orc:2:    kennysheep_orc_mage_school, layout_caves, david_defended_altar_orc

Skill      XL: |  1  2  3  4  5  6  7  8  9 10 11 12 13 14 |
---------------+-------------------------------------------+-----
Necromancy     | 5 6 7 8 9 10 11 12 13 14 15 | 15.3
Dodging        | 2 4 5 6 7 8 9 |  9.0
Fighting       | 1 3 5 6 7 8 9 10 | 10.7
Spellcasting   | 4 5 6 7 |  7.9
Shields        | 2 4 |  4.0
Evocations     | 3 5 7 8 |  8.5
Long Blades    | 4 7 9 |  9.7
Armour         | 2 4 6 |  6.4
Earth Magic    | 2 |  2.0
Stealth        | |  1.7

Action                   |  1- 3 |  4- 6 |  7- 9 | 10-12 | 13-15 || total
-------------------------+-------+-------+-------+-------+-------++-------
Melee: Dagger            |     1 |       |       |       |       ||     1
       Rapier            |     2 |    45 |   139 |       |       ||   186
       Headbutt          |       |     5 |    29 |   121 |   161 ||   316
       Long sword        |       |       |    35 |   647 |   657 ||  1339
       Hand axe          |       |       |       |       |     7 ||     7
Throw: Stone             |     4 |       |     3 |       |     2 ||     9
 Cast: Pain              |    76 |    90 |    94 |    49 |     3 ||   312
       Vampiric Draining |       |     6 |    18 |    53 |    62 ||   139
       Agony             |       |       |     1 |    12 |       ||    13
       Borgnjor's Vile C |       |       |       |    26 |    91 ||   117
       Animate Dead      |       |       |       |     5 |    26 ||    31
       Sublimation of Bl |       |       |       |     2 |    16 ||    18
       Dispel Undead     |       |       |       |       |     2 ||     2
Invok: Receive Corpses   |       |       |       |     1 |     4 ||     5
Evoke: Wand              |       |       |       |       |     2 ||     2
  Use: Scroll            |    12 |     1 |     6 |    11 |     1 ||    31
       Potion            |       |       |       |       |     2 ||     2
 Stab: Sleeping          |       |       |     5 |     7 |     1 ||    13
Armor: Robe              |     6 |    12 |    46 |   127 |    43 ||   234
       Skin              |       |       |       |       |    52 ||    52
       Troll leather arm |       |       |       |       |     1 ||     1
Dodge: Dodged            |    10 |    42 |   130 |   444 |   314 ||   940
Block: Buckler           |       |       |       |   113 |   279 ||   392
       Reflection        |       |       |       |       |    15 ||    15
       Rpst.: Long sword |       |       |     9 |   120 |    78 ||   207

Table legend: (Time is in decaauts)
 A = Elapsed time spent in this place.
 B = Non-inter-level travel time spent in this place.
 C = Inter-level travel time spent in this place.
 D = Time resting spent in this place.
 E = Time spent auto-exploring this place.
 F = Levels seen in this place.
 G = Mean time per level.
                   A        B        C        D        E       F      G
               +--------+--------+--------+--------+--------+-----+--------+
         Total |  31860 |  23795 |   8065 |   9498 |   6714 |  21 | 1517.1 |
       Dungeon |  17212 |  13271 |   3941 |   4953 |   4215 |  12 | 1434.3 |
        Temple |    162 |    109 |     53 |      0 |     83 |   1 |  162.0 |
          Lair |  12047 |   8917 |   3130 |   4158 |   1882 |   6 | 2007.8 |
  Orcish Mines |   2439 |   1499 |    940 |    387 |    534 |   2 | 1219.5 |
               +--------+--------+--------+--------+--------+-----+--------+

Top non-repeatable levels by time:
  Lair:3: 2509 daAuts
  Lair:5: 2351 daAuts
  Lair:6: 2254 daAuts
  Lair:2: 2248 daAuts
     D:9: 2006 daAuts
     D:8: 1988 daAuts
     D:7: 1911 daAuts
    D:11: 1793 daAuts
  Lair:4: 1580 daAuts
   Orc:2: 1515 daAuts
     D:1: 1366 daAuts
     D:3: 1296 daAuts
     D:5: 1265 daAuts
    D:12: 1244 daAuts
     D:2: 1225 daAuts
